General information
- name: BNet
- type: Ladder team game (AT/RT)
- host: Battle.net
- saver: sc2no.wc4yes
map: MarketSquare
- players: 8
- length: 29:32
- speed: Fast
- version: 1.26 W3XP
- replay type: Public
» download(206 KB)
Players
team 1 (loser)
CavalierX (
orange | 81 APM | 2278 actions | 28:07)
5 Tauren Chieftain
1 War Stomp
3 Endurance Aura
1 Shockwave
2 Shadow Hunter
1 Hex
1 Healing Wave
» actions
| Assign group hotkey | 51 | |
| Build / train | 77 | |
| Enter build submenu | 26 | |
| Enter hero's abilities submenu | 7 | |
| Remove unit from queue | 2 | |
| Right click | 1374 | |
| Select / deselect | 448 | |
| Select group hotkey | 186 | |
| Use ability | 107 | |
2278 total
» units
| Peon | 17 | |
| Grunt | 11 | |
| Spirit Walker | 3 | |
| Tauren | 3 | |
| Troll Headhunter/Berserker | 2 | |
| Peasant | 8 | |
44 total
» upgrades
| Berserker Strength | 1 | |
| Spirit Walker Training | 2 | |
| Reinforced Defenses | 1 | |
| Ranged Weapons | 0 | |
| Melee Weapons | 1 | |
| Armor | 1 | |
| Pulverize | 1 | |
7 total
» buildings
| Altar of Storms | 1 | |
| Orc Burrow | 11 | |
| Barracks | 2 | |
| Voodoo Lounge | 2 | |
| Stronghold | 1 | |
| War Mill | 1 | |
| Watch Tower | 3 | |
| Fortress | 1 | |
| Spirit Lodge | 1 | |
| Great Hall | 1 | |
| Tauren Totem | 2 | |
| Altar of Kings | 1 | |
27 total
» build order
00:15 Altar of Storms
00:19 Orc Burrow
00:51 Barracks
01:41 Orc Burrow
02:21 Voodoo Lounge
03:07 Orc Burrow
05:01 Stronghold
05:19 War Mill
07:48 Orc Burrow
08:18 Voodoo Lounge
09:29 Watch Tower
09:32 Watch Tower
09:42 Orc Burrow
10:19 Watch Tower
10:42 Orc Burrow
12:24 Fortress
13:27 Spirit Lodge
13:59 Great Hall
14:55 Tauren Totem
18:10 Orc Burrow
20:14 Tauren Totem
22:38 Barracks
22:41 Altar of Kings
23:08 Orc Burrow
23:51 Orc Burrow
25:21 Orc Burrow
27:41 Orc Burrow
» items
| Healing Salve | 3 | |
| Lesser Clarity Potion | 6 | |
| Scroll of Speed | 1 | |
| Scroll of Town Portal | 4 | |
14 total

»
rc6000 (
red | 64 APM | 1899 actions | 29:31)
5 Demon Hunter
3 Mana Burn
2 Evasion
5 Keeper of the Grove
3 Entangling Roots
2 Thorns Aura
» actions
| Assign group hotkey | 63 | |
| Build / train | 89 | |
| Enter build submenu | 19 | |
| Enter hero's abilities submenu | 10 | |
| Give item / drop item | 7 | |
| Remove unit from queue | 2 | |
| Right click | 851 | |
| Select / deselect | 340 | |
| Select group hotkey | 387 | |
| Use ability | 131 | |
1899 total
» units
| Wisp | 45 | |
| Archer | 11 | |
| Hippogryph | 5 | |
61 total
» upgrades
| Improved Bows | 1 | |
| Hippogryph Taming | 1 | |
| Strength of the Moon | 1 | |
| Moon Armor | 1 | |
4 total
» buildings
| Altar of Elders | 1 | |
| Moon Well | 5 | |
| Ancient of War | 2 | |
| Ancient of Wonders | 1 | |
| Tree of Ages | 1 | |
| Tree of Life | 2 | |
| Hunter's Hall | 1 | |
| Ancient of Wind | 2 | |
| Ancient Protector | 3 | |
18 total
» build order
00:17 Altar of Elders
00:22 Moon Well
00:30 Ancient of War
01:54 Moon Well
02:25 Ancient of Wonders
03:50 Moon Well
06:32 Tree of Ages
08:51 Tree of Life
09:45 Ancient of War
10:22 Hunter's Hall
10:52 Ancient of Wind
11:26 Ancient of Wind
12:07 Moon Well
12:10 Moon Well
14:26 Ancient Protector
14:29 Ancient Protector
14:47 Ancient Protector
17:06 Tree of Life
» items
| Lesser Clarity Potion | 1 | |
| Scroll of Speed | 1 | |
| Healing Salve | 1 | |
| Scroll of Town Portal | 5 | |
| Boots of Speed | 2 | |
10 total
GIGADRILLBREAK (
green | 61 APM | 1185 actions | 19:25)
5 Firelord
3 Summon Lava Spawn
2 Soul Burn
» actions
| Basic commands | 136 | |
| Build / train | 55 | |
| Enter build submenu | 18 | |
| Enter hero's abilities submenu | 5 | |
| Remove unit from queue | 2 | |
| Right click | 551 | |
| Select / deselect | 380 | |
| Use ability | 38 | |
1185 total
» units
| Peon | 16 | |
| Grunt | 3 | |
| Troll Headhunter/Berserker | 15 | |
34 total
» upgrades
| Troll Regeneration | 1 | |
| Ranged Weapons | 3 | |
| Armor | 3 | |
| Berserker Upgrade | 1 | |
| Reinforced Defenses | 1 | |
| Spiked Barricades | 1 | |
10 total
» buildings
| Altar of Storms | 1 | |
| Orc Burrow | 5 | |
| Barracks | 2 | |
| War Mill | 1 | |
| Stronghold | 1 | |
| Fortress | 1 | |
| Watch Tower | 6 | |
| Voodoo Lounge | 1 | |
18 total
» build order
00:18 Altar of Storms
00:22 Orc Burrow
00:48 Barracks
01:43 Orc Burrow
02:36 War Mill
03:03 Stronghold
04:27 Orc Burrow
04:28 Orc Burrow
05:31 Fortress
07:17 Barracks
08:02 Orc Burrow
15:34 Watch Tower
15:34 Watch Tower
15:35 Watch Tower
16:44 Watch Tower
16:48 Watch Tower
16:51 Watch Tower
18:51 Voodoo Lounge
» items
C-7 (
pink | 50 APM | 969 actions | 19:17)
1 Archmage
1 Blizzard
» actions
| Basic commands | 16 | |
| Build / train | 88 | |
| Enter build submenu | 44 | |
| Enter hero's abilities submenu | 1 | |
| Remove unit from queue | 2 | |
| Right click | 450 | |
| Select / deselect | 303 | |
| Use ability | 65 | |
969 total
» units
» upgrades
| Masonry | 1 | |
| Gunpowder | 1 | |
| Plating | 1 | |
3 total
» buildings
| Farm | 9 | |
| Altar of Kings | 3 | |
| Scout Tower | 20 | |
| Arcane Tower | 5 | |
| Lumber Mill | 3 | |
| Guard Tower | 23 | |
| Blacksmith | 2 | |
| Town Hall | 2 | |
| Keep | 3 | |
| Barracks | 2 | |
72 total
» build order
00:08 Farm
00:16 Altar of Kings
00:21 Altar of Kings
00:53 Scout Tower
01:25 Arcane Tower
06:07 Scout Tower
06:11 Lumber Mill
06:19 Scout Tower
06:37 Scout Tower
06:39 Arcane Tower
06:42 Scout Tower
06:53 Arcane Tower
07:20 Guard Tower
07:30 Guard Tower
07:36 Guard Tower
07:36 Guard Tower
07:42 Scout Tower
07:58 Farm
08:03 Farm
08:10 Farm
08:14 Guard Tower
08:17 Scout Tower
08:28 Farm
08:33 Blacksmith
08:36 Blacksmith
08:47 Guard Tower
08:47 Guard Tower
09:35 Town Hall
10:04 Farm
10:27 Farm
10:38 Scout Tower
11:26 Farm
11:28 Keep
11:34 Farm
11:43 Guard Tower
11:46 Scout Tower
11:54 Scout Tower
12:02 Barracks
12:07 Barracks
12:20 Lumber Mill
12:27 Scout Tower
12:29 Guard Tower
13:12 Guard Tower
13:47 Town Hall
14:56 Scout Tower
14:59 Scout Tower
15:14 Scout Tower
15:18 Scout Tower
15:21 Keep
15:22 Keep
15:33 Guard Tower
15:34 Guard Tower
16:25 Arcane Tower
16:26 Arcane Tower
16:39 Guard Tower
16:40 Guard Tower
16:46 Scout Tower
16:50 Scout Tower
16:57 Scout Tower
17:02 Scout Tower
17:08 Scout Tower
17:23 Guard Tower
17:27 Guard Tower
17:27 Guard Tower
17:40 Guard Tower
17:41 Guard Tower
17:41 Guard Tower
17:50 Lumber Mill
18:05 Altar of Kings
18:17 Guard Tower
18:17 Guard Tower
» items
| Potion of Healing | 1 | |
| Potion of Mana | 1 | |
2 total
team 2 (winner)
Cubee (
blue | 43 APM | 1267 actions | 29:32)
4 Archmage
2 Blizzard
2 Brilliance Aura
» actions
| Assign group hotkey | 19 | |
| Basic commands | 123 | |
| Build / train | 86 | |
| Enter build submenu | 22 | |
| Enter hero's abilities submenu | 4 | |
| Remove unit from queue | 3 | |
| Right click | 237 | |
| Select / deselect | 280 | |
| Select group hotkey | 382 | |
| Use ability | 111 | |
1267 total
» units
| Peasant | 9 | |
| Mortar Team | 14 | |
| Sorceress | 7 | |
| Siege Engine | 11 | |
41 total
» upgrades
| Gunpowder | 3 | |
| Lumber Harvesting | 1 | |
| Sorceress Training | 1 | |
| Fragmentation Shards | 1 | |
| Barrage | 1 | |
| Plating | 2 | |
9 total
» buildings
| Lumber Mill | 1 | |
| Farm | 12 | |
| Keep | 4 | |
| Altar of Kings | 1 | |
| Blacksmith | 1 | |
| Workshop | 3 | |
| Arcane Sanctum | 1 | |
| Arcane Vault | 1 | |
| Castle | 1 | |
| Town Hall | 2 | |
| Scout Tower | 1 | |
| Guard Tower | 1 | |
29 total
» build order
00:09 Lumber Mill
00:14 Farm
01:49 Keep
01:50 Keep
01:53 Altar of Kings
02:01 Blacksmith
02:12 Farm
02:27 Farm
02:28 Farm
02:28 Farm
03:24 Farm
03:27 Farm
04:16 Workshop
04:17 Workshop
04:27 Arcane Sanctum
04:59 Workshop
06:25 Arcane Vault
09:23 Castle
09:48 Farm
09:50 Farm
17:56 Farm
17:58 Farm
24:52 Farm
26:00 Town Hall
26:30 Scout Tower
28:02 Guard Tower
28:50 Town Hall
28:54 Keep
» items
| Scroll of Regeneration | 2 | |
| Scroll of Town Portal | 15 | |
17 total

»
sc2no.wc4yes (
purple | 53 APM | 1576 actions | 29:32)
9 Archmage
3 Blizzard
3 Brilliance Aura
1 Mass Teleport
2 Summon Water Elemental
» actions
| Assign group hotkey | 55 | |
| Basic commands | 30 | |
| Build / train | 29 | |
| ESC pressed | 2 | |
| Enter build submenu | 5 | |
| Enter hero's abilities submenu | 9 | |
| Give item / drop item | 2 | |
| Right click | 925 | |
| Select / deselect | 133 | |
| Select group hotkey | 267 | |
| Use ability | 119 | |
1576 total
» units
» buildings
| Altar of Kings | 1 | |
| Farm | 1 | |
| Scout Tower | 1 | |
| Lumber Mill | 2 | |
| Arcane Tower | 1 | |
6 total
» build order
00:04 Altar of Kings
00:32 Farm
00:54 Scout Tower
01:19 Lumber Mill
02:17 Arcane Tower
03:39 Lumber Mill
» items
| Boots of Speed | 2 | |
| Staff of Teleportation | 1 | |
| Lesser Clarity Potion | 1 | |
| Moonstone | 1 | |
5 total
5o1.RAZORBACKS (
teal | 53 APM | 1562 actions | 29:32)
5 Death Knight
3 Death Coil
2 Unholy Aura
4 Lich
2 Frost Nova
2 Frost Armor
» actions
| Assign group hotkey | 5 | |
| Basic commands | 44 | |
| Build / train | 121 | |
| Enter build submenu | 21 | |
| Enter hero's abilities submenu | 9 | |
| Right click | 890 | |
| Select / deselect | 356 | |
| Select group hotkey | 44 | |
| Use ability | 70 | |
1562 total
» units
| Acolyte | 14 | |
| Ghoul | 3 | |
| Crypt Fiend | 14 | |
| Frost Wyrm | 12 | |
43 total
» upgrades
| Web | 1 | |
| Creature Attack | 3 | |
| Creature Carapace | 3 | |
| Freezing Breath | 1 | |
| Burrow | 1 | |
9 total
» buildings
| Graveyard | 1 | |
| Crypt | 1 | |
| Altar of Darkness | 1 | |
| Ziggurat | 10 | |
| Tomb of Relics | 1 | |
| Halls of the Dead | 4 | |
| Black Citadel | 5 | |
| Sacrificial Pit | 1 | |
| Boneyard | 3 | |
| Spirit Tower | 14 | |
| Nerubian Tower | 1 | |
42 total
» build order
00:34 Graveyard
00:37 Crypt
00:43 Altar of Darkness
01:14 Ziggurat
01:31 Ziggurat
01:34 Tomb of Relics
03:40 Halls of the Dead
03:40 Halls of the Dead
03:41 Halls of the Dead
03:53 Ziggurat
05:07 Ziggurat
06:11 Black Citadel
06:12 Black Citadel
06:12 Black Citadel
06:12 Black Citadel
06:19 Sacrificial Pit
08:02 Ziggurat
08:07 Ziggurat
08:35 Boneyard
08:41 Boneyard
08:45 Boneyard
11:12 Ziggurat
17:50 Ziggurat
17:52 Ziggurat
17:55 Ziggurat
23:34 Spirit Tower
23:34 Spirit Tower
23:36 Spirit Tower
23:36 Spirit Tower
23:38 Spirit Tower
23:38 Spirit Tower
23:39 Spirit Tower
23:41 Spirit Tower
23:43 Nerubian Tower
23:45 Spirit Tower
23:47 Spirit Tower
23:47 Spirit Tower
23:49 Spirit Tower
» items
| Rod of Necromancy | 1 | |
| Potion of Healing | 3 | |
| Potion of Mana | 1 | |
| Scroll of Town Portal | 1 | |
6 total
dnadj (
yellow | 34 APM | 998 actions | 29:32)
5 Demon Hunter
2 Immolation
2 Evasion
1 Mana Burn
3 Dark Ranger
1 Black Arrow
1 Silence
1 Life Drain
» actions
| Build / train | 99 | |
| Enter build submenu | 32 | |
| Enter hero's abilities submenu | 8 | |
| Right click | 455 | |
| Select / deselect | 333 | |
| Use ability | 71 | |
998 total
» units
| Wisp | 24 | |
| Archer | 19 | |
| Huntress | 4 | |
| Chimaera | 15 | |
| Hippogryph | 18 | |
80 total
» upgrades
| Corrosive Breath | 1 | |
| Hippogryph Taming | 1 | |
2 total
» buildings
| Moon Well | 13 | |
| Altar of Elders | 1 | |
| Ancient of War | 1 | |
| Tree of Ages | 2 | |
| Hunter's Hall | 1 | |
| Ancient of Wonders | 1 | |
| Ancient Protector | 5 | |
| Tree of Eternity | 1 | |
| Ancient of Wind | 1 | |
| Chimaera Roost | 2 | |
| Tree of Life | 6 | |
34 total
» build order
00:15 Moon Well
00:21 Altar of Elders
01:26 Ancient of War
01:36 Moon Well
01:40 Moon Well
02:22 Moon Well
03:27 Moon Well
05:30 Tree of Ages
05:46 Hunter's Hall
05:48 Ancient of Wonders
07:16 Ancient Protector
07:22 Ancient Protector
07:24 Ancient Protector
07:25 Ancient Protector
07:26 Ancient Protector
07:32 Tree of Ages
10:03 Tree of Eternity
10:09 Moon Well
10:11 Moon Well
10:17 Moon Well
10:25 Moon Well
10:27 Moon Well
10:36 Ancient of Wind
12:56 Chimaera Roost
14:26 Chimaera Roost
18:35 Moon Well
18:45 Moon Well
19:35 Tree of Life
19:54 Moon Well
28:34 Tree of Life
28:38 Tree of Life
28:43 Tree of Life
28:46 Tree of Life
28:50 Tree of Life
» items
| Orb of Venom | 1 | |
| Scroll of Town Portal | 1 | |
| Potion of Healing | 1 | |
3 total
Chat log
(00:13 / Allies) sc2no.wc4yes: militia blitzing
(00:42 / Allies) sc2no.wc4yes: lol so is the turd next to me
(00:50 / Allies) 5o1.RAZORBACKS: cav?
(01:02 / Allies) 5o1.RAZORBACKS: cav hacks so if you are...
(01:08 / Allies) 5o1.RAZORBACKS: if that who is beside you
(01:12 / Allies) sc2no.wc4yes: i dont see anyone named cav
(01:21 / Allies) 5o1.RAZORBACKS: cavierlier x
(01:26 / Allies) 5o1.RAZORBACKS: hes a maphacker
(01:54 / Allies) 5o1.RAZORBACKS: lmao
(02:05 / All) dnadj: XD
(02:47 / Allies) sc2no.wc4yes: wood pl;s
(02:51 / Allies) sc2no.wc4yes: also bckup wtf
(03:27 / Allies) sc2no.wc4yes: how come he has allies
(03:28 / Allies) sc2no.wc4yes: and i dont
(04:19 / Allies) sc2no.wc4yes: good luck with your 20 food tech u guys
(04:22 / Allies) sc2no.wc4yes: im going idle hero i guess
(05:08 / Allies) sc2no.wc4yes: invis mort totally gonna surprise them, with all 4 of them sitting in ur base before first mort gets out
(08:06 / All) CavalierX: oh yeah
(08:10 / All) CavalierX: forgot oyu hack
(08:16 / All) sc2no.wc4yes: who hacks?
(08:17 / All) sc2no.wc4yes: u?
(08:18 / All) sc2no.wc4yes: easy repiort
(08:24 / All) CavalierX: lol purp
(10:50 / Allies) sc2no.wc4yes: lmao good job moron
(11:08 / All) GIGADRILLBREAK: nope
(11:10 / All) sc2no.wc4yes: this is the biggest stink team ive ever seen
(11:26 / All) sc2no.wc4yes: guess that s the price i pay for massing enough games to get to level 31
(12:28 / Allies) sc2no.wc4yes: go for the elf you retard
(12:31 / Allies) sc2no.wc4yes: get something you can actually kill
(12:38 / Allies) sc2no.wc4yes: and then this guy
(12:42 / Allies) sc2no.wc4yes: 40 food 35 minutes in
(12:48 / Allies) sc2no.wc4yes: and he turned all his lumber wisps into xp tome elf towers
(13:37 / Allies) sc2no.wc4yes: use his wells nad twoers
(13:44 / Allies) sc2no.wc4yes: he spent 2000 gold on them might as well use them
(14:31 / Allies) dnadj: w0ood pls
(14:45 / Allies) sc2no.wc4yes: for more elf towers?
(14:47 / Allies) sc2no.wc4yes: u fukingclown
(14:53 / Allies) dnadj: noob
(15:21 / Allies) sc2no.wc4yes: im sure the 0-2 solo guy thinks there is even one person on wc3 he sucks less than
(17:09 / Allies) dnadj: com8ing
(18:13 / Allies) dnadj: gold pls
(18:18 / Allies) sc2no.wc4yes: for more noob towers?
(18:30 / Allies) dnadj: shut up noob
(18:36 / Allies) sc2no.wc4yes: 0-2 solo
(18:43 / Allies) sc2no.wc4yes: at 0-0 this game matches you with the biggest noobs int he world
(18:48 / Allies) sc2no.wc4yes: at 0-1 you match pure lossbots
(18:50 / Allies) sc2no.wc4yes: and you went 0-2
(19:07 / Allies) dnadj: leave noob
(19:23 / All) GIGADRILLBREAK: good job hacking
(19:26 / All) sc2no.wc4yes: thanks
(20:14 / Allies) dnadj: go teal
(23:21 / Allies) dnadj: kok
(23:22 / All) rc6000: pause game
(23:23 / All) sc2no.wc4yes: rage pause
(24:10 / Allies) 5o1.RAZORBACKS: wood blue
(24:13 / Allies) sc2no.wc4yes: that c7 guy
(24:15 / Allies) sc2no.wc4yes: never even made a unit
(24:31 / Allies) sc2no.wc4yes: i wonder if he at least fed some
(25:12 / All) sc2no.wc4yes: so many peon kills
(25:13 / All) sc2no.wc4yes: a glorious game
(25:51 / All) sc2no.wc4yes: spend ur last moments creeping... might as well enjoy urself vs an opponent that is ur equal
(26:07 / All) CavalierX: run hack
(26:14 / All) sc2no.wc4yes: my spidey sense is tingling
(26:32 / All) CavalierX: wonder why your wife cheats on you?
(26:47 / All) sc2no.wc4yes: i would never get married
(26:49 / All) sc2no.wc4yes: ncie try
(26:51 / All) sc2no.wc4yes: no woman deserves me
(27:12 / All) sc2no.wc4yes: level 7 from blizzing workers... lmao
(27:48 / All) sc2no.wc4yes: out of my unit kills, 4 were creeps
(27:50 / All) sc2no.wc4yes: the rest were yours
(27:59 / All) rc6000: good thing you had awesome teammates purp
(28:00 / All) sc2no.wc4yes: keep that in mind on the core screen
(28:03 / All) rc6000: cause you blow
(28:27 / All) sc2no.wc4yes: my awesome teammates hung me out to dry after i obliterated my neighbor
(28:32 / All) sc2no.wc4yes: with my patented militia blitz
(28:55 / All) sc2no.wc4yes: cya chump
(29:15 / All) sc2no.wc4yes: youill never catch this wily old man